 Dungeon Crawl Stone Soup version 0.27-a0-1308-gc08437e49b (webtiles) character file.

Game seed: 1999094129117686165

3464 Sobieck the Nimble (level 9, -3/48 HPs)
             Began as a Spriggan Berserker on June 18, 2021.
             Was an Elder of Trog.
             Slain by Erica (6 damage)
             ... on level 11 of the Dungeon.
             The game lasted 00:23:07 (10814 turns).

Sobieck the Nimble (Spriggan Berserker)            Turns: 10814, Time: 00:23:08

Health: -3/48      AC:  4    Str: 16    XL:     9   Next: 78%
Magic:  10/10      EV: 23    Int:  9    God:    Trog [****..]
Gold:   308        SH:  0    Dex: 14    Spells: 8/8 levels left

rFire    . . .     SeeInvis +   a - +1 scimitar {long}
rCold    . . .     Faith    .   (shield restricted)
rNeg     . . .     Spirit   .   g - +0 animal skin
rPois    .         Reflect  .   (helmet restricted)
rElec    .         Harm     .   z - +1 cloak
rCorr    .         Rampage  .   (gloves unavailable)
Will     +++..                  (boots unavailable)
Stlth    +++.......             (no amulet)
HPRegen  1.16/turn              (no ring)
MPRegen  0.12/turn              (no ring)

@: lethally poisoned (-3 -> -6), strong-willed, on berserk cooldown,
regenerating, slowed, quick
A: very small, no large weapons, unfitting armour, see invisible, speed 3
a: Renounce Religion, Berserk, Trog's Hand, Brothers in Arms


You were on level 11 of the Dungeon.
You worshipped Trog.
Trog was greatly pleased with you.
You visited 1 branch of the dungeon, and saw 11 of its levels.
You also visited: Sewer.

You collected 308 gold pieces.


Innate Abilities, Weirdness & Mutations

You are very small and have problems with some larger weapons.
You are too small for most types of armour.
You have supernaturally acute eyesight. (SInv)
You cover ground extremely quickly. (Speed+++)


   Skills:
 - Level 6.0 Fighting
 + Level 7.4 Long Blades
 + Level 11.3 Dodging
 - Level 6.0 Stealth


You had 8 spell levels left.
You didn't know any spells.
Your spell library contained the following spells:

 Spells                   Type           Power      Damage    Failure   Level
 Beastly Appendage        Tmut           0%         N/A       38%         1
 Magic Dart               Conj           0%         1d3       38%         1
 Searing Ray              Conj           0%         3d3       52%         2
 Wereblood                Tmut           0%         N/A       52%         2
 Dazzling Flash           Conj/Hex       0%         N/A       77%         3
 Mephitic Cloud           Conj/Pois/Air  0%         N/A       77%         3
 Spider Form              Tmut/Pois      0%         N/A       77%         3
 Fulminant Prism          Conj/Hex       0%         3d6       99%         4
 Ice Form                 Ice/Tmut       0%         N/A       99%         4
 Iskenderun's Mystic Bla  Conj/Tloc      0%         2d3       99%         4
 Irradiate                Conj/Tmut      0%         3d13      100%        5
 Storm Form               Tmut/Air       0%         N/A       100%        7

Inventory:

Hand Weapons
 a - a +1 scimitar (weapon) {long}
   (You took it off a wight on level 8 of the Dungeon)
 b - a +0 hunting sling {sling}
   (You found it on level 1 of the Dungeon)
 v - a +0 short sword of speed {short}
   (You took it off an orc on level 8 of the Dungeon)
 w - a +1 morningstar of protection {mace}
   (You found it on level 5 of the Dungeon)
 I - a +2 falchion {long}
 J - a +2 dagger of holy wrath {short}
   (You took it off an orc wizard on level 9 of the Dungeon)
 K - a +0 trident of freezing {polearm}
   (You took it off an orc warrior on level 9 of the Dungeon)
Missiles
 e - 317 stones {throwing}
 f - 213 arrows
 k - 35 sling bullets
 l - 53 poisoned darts {throwing}
 q - 39 bolts
 A - 5 boomerangs of dispersal {=f!fthrowing}
 E - 4 boomerangs {throwing}
Armour
 g - a +0 animal skin (worn)
 y - a scarf of repulsion
   (You found it on level 8 of the Dungeon)
 z - a +1 cloak (worn)
   (You found it on level 6 of the Dungeon)
Jewellery
 L - a +6 ring of dexterity
   (You took it off an orc warrior on level 9 of the Dungeon)
Wands
 i - a wand of flame (50)
   (You found it on level 2 of the Dungeon)
 m - a wand of mindburst (8)
   (You found it on level 4 of the Dungeon)
 r - a wand of paralysis (7)
   (You took it off a gnoll shaman on level 8 of the Dungeon)
 M - a wand of acid (10)
   (You found it on level 9 of the Dungeon)
Scrolls
 c - a scroll of blinking {!r}
 n - a scroll of magic mapping {!r}
 o - 4 scrolls of teleportation {@r4}
 p - a scroll of fear
 s - a scroll of fog
 t - 2 scrolls of identify {@r1}
 B - 2 scrolls of immolation {!r!r}
 D - a scroll of enchant armour
Potions
 d - 2 potions of invisibility
 h - a potion of mutation {!q}
 j - 3 potions of heal wounds {@q2}
 u - 2 potions of haste {@q3}
 x - 3 potions of flight
 C - 2 potions of attraction {!q}
 F - 2 potions of brilliance
 G - a potion of degeneration {!q@e2}
 H - a potion of curing {@q1}

Dungeon Overview and Level Annotations

Branches:
Dungeon (11/15)            Temple (0/1) D:4            Lair (0/6) D:8
  Sewer (visited)
    Orc: D:9-12

Altars:
Okawaru
Uskayaw
Vehumet
Xom

Annotations:
D:6 3 runed translucent doors, reversiblehash's ghost, novice MiFi
D:11 Erica

...... ##..
...... ..#
......###.## #
#.......#..##.#.#
#...............#
#....(..#..#...##
#..............#
...(...@O......#
###.##.#@........
...#..........
##.............
..#.........#
..........#...
.<........#...
##...##.#..#...
#. #.#..# ..


You could see Erica (invisible) and a friendly ogre (summoned, berserk).


Message History

Found a scratched wooden ring and a glowing leather armour.
Found a stone staircase leading down.
There is a stone staircase leading up here.
There is a stone staircase leading down here.
You climb downwards.
A troll and Erica come into view.
Erica is wielding a +3 scimitar of flaming.
The troll shouts!
Erica shouts!
Found 4 large rocks and 29 stones.
Found a stone staircase leading up.
There is a stone staircase leading up here.
Your ogre goes berserk!
Trog will no longer gift you weapons. The troll barely misses you.
The troll closely misses you. The troll barely misses you.
Erica gestures wildly while chanting.
Erica flickers and vanishes for a moment.
Your skin crawls.
You feel strong-willed.
Your ogre rages.
The troll completely misses you. The troll misses you.
The troll barely misses you.
A red film seems to cover your vision as you go berserk!
You feel yourself moving faster!
You feel mighty! The troll misses you.
You riposte.
You slash the troll! The troll completely misses you.
The troll claws you. 😕 HP[+23]
You now have 72 max hp (+24).
You regained 23 hp, and now have 71/72 hp.
You slash the troll!
Your ogre hits the troll with a +0 giant club!
The troll dies!
Trog accepts your kill. 😎 HP[+1]
Your hp is fully restored (72).
You closely miss Erica.
Erica points at you and mumbles some strange words.
The lance of force hits you!
You are knocked back by the lance of force.
You slam into the rock wall! 😮 HP[-24]
You take 24 damage, and now have 48/72 hp.
MASSIVE DAMAGE!! (PAUSE) 😮 HP[+1]
You feel a strong urge to attack something.
What are your orders? t - Shout!
Anything else - Cancel.
Okay, then.
Unknown command.
What are your orders? t - Shout!
Anything else - Cancel.
Okay, then.
Erica hits you with a +3 scimitar of flaming!
Erica burns you.
There is a stone staircase leading up here. 😮 HP[-9]
You take 9 damage, and now have 40/72 hp.
You barely miss Erica. Erica completely misses you. 😮 HP[+1]
You slice Erica!! 😮 HP[+1]
You slash Erica!
You are no longer berserk.
You are exhausted.
You feel yourself slow down.
Erica hits you with a +3 scimitar of flaming!
* * * LOW HITPOINT WARNING * * *
Erica burns you.
* * * LOW HITPOINT WARNING * * *
😱 HP[-32]
You now have 48 max hp (-24).
You take 32 damage, and now have 10/48 hp.
MASSIVE DAMAGE!! (PAUSE) 😱 HP[+1]
What are your orders? t - Shout!
Orders for allies: a - Attack new target. r - Retreat! s - Stop attacking. g - Guard the area. f - Follow me.
Anything else - Cancel.
Gang up on whom?
Press: ? - help, Dir - move target, f - Erica
Aim: Erica, wielding a +3 scimitar of flaming and wearing a +0 robe (heavily wounded, slightly transparent) Attack! 😨 HP[+2]
You regained 2 hp, and now have 13/48 hp.
You feel much better.
Erica points at you and mumbles some strange words.
The bolt of poison hits you!
You are poisoned.
* * * LOW HITPOINT WARNING * * *
😨 HP[+9]
You regained 9 hp, and now have 22/48 hp.
Unknown command.
You slash Erica!
You feel very sick.
Erica screams, "Die!"
Erica hits you with a +3 scimitar of flaming!
* * * LOW HITPOINT WARNING * * *
Erica burns you.
You die...

Skill      XL: |  1  2  3  4  5  6  7  8  9 |
---------------+----------------------------+-----
Stealth        | 1 2 3 4 5 6 |  6.0
Fighting       | 3 4 5 6 |  6.0
Long Blades    | 3 4 5 7 |  7.4
Dodging        | 5 6 7 9 11 | 11.3

Action                   |  1- 3 |  4- 6 |  7- 9 || total
-------------------------+-------+-------+-------++-------
Melee: Falchion          |    55 |   112 |   306 ||   473
       Scimitar          |       |       |    82 ||    82
 Fire: Hunting sling     |    24 |    27 |    33 ||    84
Invok: Berserk           |     5 |     6 |    23 ||    34
       Trog's Hand       |       |       |     1 ||     1
       Brothers in Arms  |       |       |     1 ||     1
  Use: Scroll            |     1 |       |    20 ||    21
       Potion            |       |       |     2 ||     2
 Stab: Sleeping          |     5 |     2 |     5 ||    12
       Distracted        |       |       |     1 ||     1
Armor: Animal skin       |     5 |    10 |    33 ||    48
Dodge: Dodged            |    65 |   128 |   352 ||   545
       Rpst.: Falchion   |    21 |    36 |    87 ||   144
       Scimitar          |       |       |    25 ||    25

Levels and vault maps discovered:
D:1:      dpeg_arrival_chambers_temple_mockup, layout_basic
D:2:      layout_loops_ring, basic_altar, uniq_jessica
D:3:      layout_rooms, uniq_grinder, uniq_natasha
D:4:      layout_loops_cross, nicolae_overflow_hidden_temple,
          minmay_temple_entry_sparse_star, cheibrodos_sewer_entry_sluice
D:5:      layout_loops_ring
D:6:      layout_gridville, ebering_ghost_rock_garden
D:7:      minmay_flawed_box, layout_rooms, chequers_garden, uniq_menkaure
D:8:      layout_basic, lair_entry_dummy, minmay_circle_x
D:9:      layout_small_grid, orc_0_dummy, nicolae_underground_beach
D:10:     layout_small_grid, nicolae_overflow_crystal_walls, serial_shops,
          shop_fountains, kennysheep_island_fort, uniq_fannar
D:11:     layout_rooms, uniq_erolcha, uniq_erica

Notes
Turn   | Place    | Note
-------+----------+-------------------------------------------
     0 | D:1      | Sobieck the Spriggan Berserker began the quest for the Orb.
     0 | D:1      | Reached XP level 1. HP: 11/11 MP: 2/2
     0 | D:1      | magus.rc [v1.9.6]
   520 | D:1      | Reached skill level 1 in Stealth
   530 | D:2      | Reached XP level 2. HP: 13/16 MP: 3/3
   938 | D:2      | Found a shimmering altar of Xom.
  1450 | D:2      | Reached skill level 2 in Stealth
  1522 | D:2      | Noticed Jessica
  1540 | D:2      | Killed Jessica
  1541 | D:2      | Reached XP level 3. HP: 19/19 MP: 4/4
  1750 | D:2      | Reached ** piety under Trog
  1947 | D:2      | Reached XP level 4. HP: 23/23 MP: 5/5
  2254 | D:2      | Reached skill level 3 in Stealth
  2405 | D:2      | Reached skill level 3 in Fighting
  2625 | D:3      | Reached skill level 3 in Long Blades
  2712 | D:3      | Noticed Natasha
  2716 | D:3      | Killed Natasha
  2717 | D:3      | Reached skill level 5 in Dodging
  2849 | D:3      | You pick up a book of Conjurations {forbidden@e2} and begin
                  | reading...
  2849 | D:3      | You add the spells Magic Dart, Searing Ray, Dazzling Flash,
                  | Fulminant Prism and Iskenderun's Mystic Blast to your
                  | library.
  2978 | D:3      | Noticed Natasha
  2989 | D:3      | Killed Natasha
  2990 | D:3      | Reached XP level 5. HP: 28/28 MP: 6/6
  3054 | D:3      | Noticed Grinder
  3100 | D:3      | Killed Grinder
  3101 | D:3      | Reached skill level 4 in Stealth
  3101 | D:3      | Reached XP level 6. HP: 32/32 MP: 7/7
  3186 | D:3      | Noticed Natasha
  3192 | D:3      | Killed Natasha
  3193 | D:3      | Reached skill level 5 in Stealth
  3225 | D:4      | Reached *** piety under Trog
  3410 | D:4      | Found a hide-covered altar of Uskayaw.
  3410 | D:4      | Found an iron altar of Okawaru.
  3491 | D:4      | You pick up a book of Changes {forbidden} and begin
                  | reading...
  3491 | D:4      | You add the spells Beastly Appendage, Wereblood, Spider
                  | Form and Ice Form to your library.
  3508 | D:4      | Found a staircase to the Ecumenical Temple.
  3542 | D:4      | Found a glowing drain.
  3551 | Sewer    | Entered a sewer
  3559 | Sewer    | Reached skill level 6 in Dodging
  3648 | Sewer    | Noticed Purgy
  3663 | Sewer    | Killed Purgy
  3664 | Sewer    | Reached XP level 7. HP: 37/37 MP: 8/8
  3886 | D:4      | HP: 9/37 [worm (10)]
  4250 | D:4      | Reached skill level 4 in Long Blades
  4347 | D:5      | Entered Level 5 of the Dungeon
  4356 | D:5      | Reached skill level 4 in Fighting
  4374 | D:4      | Reached skill level 6 in Stealth
  4791 | D:4      | Reached **** piety under Trog
  5026 | D:4      | Found a radiant altar of Vehumet.
  5068 | D:4      | Found a shimmering altar of Xom.
  5248 | D:5      | Reached skill level 7 in Dodging
  5711 | D:5      | Reached XP level 8. HP: 42/42 MP: 9/9
  6001 | D:6      | Found a runed translucent gate.
  6001 | D:6      | Found a runed translucent gate.
  6001 | D:6      | Found a runed translucent gate.
  6411 | D:6      | Identified the Incunabulum of the Harmful Birds
  6412 | D:6      | You add the spells Mephitic Cloud, Irradiate and Storm Form
                  | to your library.
  6457 | D:7      | Reached skill level 5 in Long Blades
  6652 | D:6      | Reached skill level 5 in Fighting
  6658 | D:6      | Reached skill level 8 in Dodging
  7044 | D:7      | Noticed Menkaure
  7278 | D:6      | Noticed reversiblehash's ghost (novice MiFi)
  7341 | D:7      | Killed Menkaure
  7880 | D:7      | Reached skill level 9 in Dodging
  8231 | D:7      | Reached XP level 9. HP: 40/48 MP: 10/10
  8448 | D:7      | Reached skill level 6 in Long Blades
  8530 | D:7      | Reached skill level 6 in Fighting
  8835 | D:7      | Reached ***** piety under Trog
  9006 | D:8      | Reached skill level 10 in Dodging
  9217 | D:8      | Found a staircase to the Lair.
 10406 | D:9      | Reached skill level 7 in Long Blades
 10575 | D:9      | Reached skill level 11 in Dodging
 10796 | D:10     | Entered Level 10 of the Dungeon
 10799 | D:11     | Noticed Erica
 10799 | D:11     | Noticed a troll
 10803 | D:11     | Killed a troll
 10810 | D:11     | HP: 10/48 [Erica (4)]
 10814 | D:11     | HP: 3/48 [Erica (15)]
 10814 | D:11     | Slain by Erica

Vanquished Creatures
  Grinder (D:3)
  Menkaure (D:7)
  2 orc warriors
  Purgy (Sewer)
  A hornet zombie (D:7)
  An ice beast (D:5)
  A necrophage (D:6)
  An ogre (D:7)
  3 centaurs
  2 kobold brigands (D:8)
  4 bullfrogs
  2 scorpions
  7 killer bees
  A water moccasin skeleton (D:6)
  3 howler monkeys
  A wight (D:8)
  A bullfrog zombie (D:4)
  4 orc priests
  4 jellies
  2 hounds
  A centaur skeleton (D:4)
  Jessica (D:2)
  A gnoll shaman (D:8)
  Natasha (thrice) (D:3)
  14 orc wizards
  A killer bee zombie (D:8)
  A hound zombie (D:5)
  4 gnolls (D:6)
  4 adders
  A shadow imp (D:7)
  A white imp (D:7)
  An ufetubus (D:6)
  An adder skeleton (D:5)
  3 worms
  A dart slug (D:2)
  23 orcs
  6 ball pythons
  11 bats
  4 endoplasms
  2 giant cockroaches
  5 goblins
  4 hobgoblins
  13 jackals
  5 quokkas
  6 frilled lizards
  10 kobolds
  4 rats
174 creatures vanquished.

Vanquished Creatures (collateral kills)
  A troll (D:11)
1 creature vanquished.

Grand Total: 175 creatures vanquished

Table legend:
 A = Non-vault XP
 B = Vault XP
 C = Vault XP percentage of total XP
 D = Non-vault monster count
 E = Vault monster count
 F = Vault count percentage of total count
                 A         B        C        D         E       F
            +---------+---------+-------+---------+---------+-------
      Total |    3628 |    1321 |  26.7 |     146 |      29 |  16.6
            +---------+---------+-------+---------+---------+-------
        D:1 |      19 |       0 |   0.0 |      11 |       0 |   0.0
        D:2 |      62 |      37 |  37.4 |      28 |       1 |   3.4
        D:3 |     140 |     322 |  69.7 |      15 |       2 |  11.8
        D:4 |     196 |       7 |   3.4 |      22 |       3 |  12.0
        D:5 |     291 |       0 |   0.0 |       7 |       0 |   0.0
        D:6 |     533 |       0 |   0.0 |      13 |       0 |   0.0
        D:7 |    1238 |     468 |  27.4 |      27 |       9 |  25.0
        D:8 |     362 |     339 |  48.4 |       9 |       6 |  40.0
        D:9 |     541 |       0 |   0.0 |      13 |       0 |   0.0
       D:11 |     246 |       0 |   0.0 |       1 |       0 |   0.0
      Sewer |       0 |     148 | 100.0 |       0 |       8 | 100.0
            +---------+---------+-------+---------+---------+-------

Illustrated notes

Table legend:
 A = Kills in this place as a percentage of kills in entire the game.
 B = Kills by you in this place as a percentage of kills by you in the entire game.
 C = Kills by friends in this place as a percentage of kills by friends in the entire game.
 D = Other kills in this place as a percentage of other kills in the entire game.
 E = Experience gained in this place as a percentage of experience gained in the entire game.
 F = Experience gained in this place divided by the number of levels of this place that you have seen.
                   A       B       C       D       E      F
               +-------+-------+-------+-------+-------+----------------------
         Total | 100.0 | 100.0 | 100.0 |   N/A | 100.0 | 412.4
       Dungeon |  95.4 |  95.4 | 100.0 |   N/A |  97.0 | 436.5
         Sewer |   4.6 |   4.6 |   0.0 |   N/A |   3.0 | 148.0
               +-------+-------+-------+-------+-------+----------------------

Table legend: (Time is in decaauts)
 A = Elapsed time spent in this place.
 B = Non-inter-level travel time spent in this place.
 C = Inter-level travel time spent in this place.
 D = Time resting spent in this place.
 E = Time spent auto-exploring this place.
 F = Levels seen in this place.
 G = Mean time per level.
                   A        B        C        D        E       F      G
               +--------+--------+--------+--------+--------+-----+--------+
         Total |   9090 |   8746 |    344 |   3864 |   3447 |  12 |  757.5 |
       Dungeon |   8788 |   8444 |    344 |   3725 |   3407 |  11 |  798.9 |
         Sewer |    302 |    302 |      0 |    138 |     40 |   1 |  302.0 |
               +--------+--------+--------+--------+--------+-----+--------+

Top non-repeatable levels by time:
     D:6: 1327 daAuts
     D:7: 1255 daAuts
     D:8: 1164 daAuts
     D:2: 1129 daAuts
     D:1: 1025 daAuts
     D:3: 1001 daAuts
     D:4: 853 daAuts
     D:5: 634 daAuts
     D:9: 380 daAuts
   Sewer: 302 daAuts
    D:11: 12 daAuts
    D:10: 2 daAuts
